 Dungeon Crawl Stone Soup version 0.29-a0-334-gb41bcbb86e (webtiles) character file.

Game seed: 17201211779005674109

23 spaghetti the Slasher (level 3, 0/34 HPs)
             Began as a Naga Berserker on Apr 13, 2022.
             Was a Follower of Trog.
             Slain by a black bear (3 damage)
             ... on level 3 of the Dungeon.
             The game lasted 00:01:23 (1390 turns).

spaghetti the Slasher (Naga Berserker)              Turns: 1390, Time: 00:01:24

Health: 0/34       AC:  2    Str: 19    XL:     3   Next: 0%
Magic:  3/3        EV: 10    Int:  7    God:    Trog [*.....]
Gold:   23         SH:  0    Dex: 12    Spells: 2/2 levels left

rFire   . . .      SeeInvis +   e - +0 rapier {short}
rCold   . . .      Faith    .   (no shield)
rNeg    . . .      Spirit   .   b - +0 animal skin
rPois   +          Reflect  .   (no helmet)
rElec   .          Harm     .   (no cloak)
rCorr   .          Rampage  .   (no gloves)
Will    .....                   (no barding)
Stlth   ++........              (no amulet)
HPRegen 0.11/turn               (no ring)
MPRegen 0.08/turn               (no ring)

@: very slow
A: AC +1, large, see invisible, deformed body, poison resistance, slowness 2,
spit poison 1, naga tail 1
a: Spit Poison, Renounce Religion, Berserk


You were on level 3 of the Dungeon.
You worshipped Trog.
Trog was aware of your devotion.
You visited 1 branch of the dungeon, and saw 3 of its levels.

You collected 23 gold pieces.


Innate Abilities, Weirdness & Mutations

Your serpentine skin is tough. (AC +1)
You have supernaturally acute eyesight. (SInv)
Armour fits poorly on your strangely shaped body.
Your system is resistant to poisons. (rPois)
You cover ground very slowly.
You can spit poison.
You have a snake-like lower body.


   Skills:
 - Level 3.0 Fighting
 - Level 3.0 Long Blades
 + Level 0.3 Throwing
 - Level 1.5 Armour
 + Level 2.2 Dodging
 + Level 2.6 Stealth


You had 2 spell levels left.
You didn't know any spells.
Your spell library was empty.

Inventory:

Hand Weapons
 a - a +0 falchion {long}
 e - a +0 rapier (weapon) {short}
   (You found it on level 1 of the Dungeon)
 i - a +4 hunting sling of freezing {sling}
   (You found it on level 1 of the Dungeon)
Missiles
 g - 38 stones (quivered) {throwing}
Armour
 b - a +0 animal skin (worn)
Scrolls
 d - a scroll of teleportation {unknown}
 f - 2 scrolls of identify {unknown}
 h - a scroll of acquirement {unknown}
 j - a scroll of enchant weapon {unknown}
Potions
 c - a potion of degeneration {unknown}

Dungeon Overview and Level Annotations

Branches:
Dungeon (2/15)

Altars:

#.#..........
#....†....##
###..###.....
#....#.....
#.##.#.# # #
####.##.#.##....
.........)......
.###..#.##.#....
#.#.#@# # . #..
#h...# ## #.#..#
#...... ?.. .###
#..... #.#. #>
#.#.. ..


You could see a black bear.


Message History

Key pressed, stopping explore.
Key pressed, stopping explore.
Key pressed, stopping explore.
j - a scroll labelled OXONEF NI FYG 😎 HP[+8]
Your hp is fully restored (28).
Done exploring.
Done exploring.
Done exploring.
Done exploring.
(D) Dungeon
Where to? (? - help)
There is a stone staircase leading down here.
You climb downwards.
There is a stone staircase leading up here.
Key pressed, stopping travel.
Unknown command.
Unknown command.
Key pressed, stopping explore.
A quokka comes into view.
A quokka is nearby!
A sourceless malevolence fills the Dungeon...
You fall into a shaft and drop 1 floor!
The shaft crumbles and collapses.
A frilled lizard comes into view.
A frilled lizard is nearby!
The frilled lizard hisses angrily.
The frilled lizard closely misses you.
You hit the frilled lizard.
You kill the frilled lizard!
Trog accepts your kill.
No target in view!
No target in view!
No target in view!
No target in view!
No target in view!
No target in view!
No target in view!
You see here a frilled lizard corpse.
A goblin comes into view. It is wielding a +0 club.
A goblin is nearby!
A goblin is nearby!
A goblin is nearby!
The goblin shouts!
The goblin hits you with a +0 club. 😕 HP[-3]
You take 3 damage, and now have 25/28 hp.
You are too injured to fight recklessly!
You are too injured to fight recklessly!
You are too injured to fight recklessly!
You are too injured to fight recklessly!
You are too injured to fight recklessly!
You are too injured to fight recklessly!
You are too injured to fight recklessly!
You are too injured to fight recklessly!
You are too injured to fight recklessly!
A goblin is nearby!
You hit the goblin.
The goblin hits you with a +0 club. 😕 HP[-2]
You take 2 damage, and now have 23/28 hp.
You barely miss the goblin.
The goblin hits you with a +0 club. 😮 HP[-5]
You take 5 damage, and now have 18/28 hp.
You hit the goblin.
You kill the goblin!
Trog accepts your kill.
You have reached level 3!
Your experience leads to an increase in your attributes!
Increase (S)trength, (I)ntelligence, or (D)exterity?
You feel agile. x2; Your skin feels tougher. 😮 HP[+5] MP[+1]
You now have 34 max hp (+6).
You regained 5 hp, and now have 23/34 hp.
Your mp is fully restored (3).
A black bear comes into view.
A black bear is nearby!
A black bear is nearby!
A black bear is nearby!
You are too injured to fight recklessly!
You are too injured to fight recklessly!
You are too injured to fight recklessly!
You are too injured to fight recklessly!
Found an escape hatch in the floor.
The black bear closely misses you.
The black bear claws you but does no damage.
The black bear claws you. 😮 HP[-3]
You take 3 damage, and now have 20/34 hp.
You hit the black bear. The black bear bites you.
* * * LOW HITPOINT WARNING * * *
The black bear claws you.
* * * LOW HITPOINT WARNING * * *
The black bear claws you.
* * * LOW HITPOINT WARNING * * *
The black bear bites you.
* * * LOW HITPOINT WARNING * * *
The black bear claws you.
* * * LOW HITPOINT WARNING * * *
The black bear claws you.
You die...

Skill      XL: |  1  2 |
---------------+-------+-----
Stealth        | 1 2 |  2.6
Dodging        | 2 |  2.2
Fighting       | |  3.0
Long Blades    | |  3.0
Throwing       | |  0.3
Armour         | |  1.5

Action                   || total
-------------------------++-------
Melee: Falchion          ||     6
       Rapier            ||    43
       Punch             ||     1
Throw: Stone             ||     4
 Abil: Spit Poison       ||     3
 Stab: Sleeping          ||     1
Armor: Animal skin       ||    10
Dodge: Dodged            ||    29

Levels and vault maps discovered:
D:1:      onia_arrival_pyramid, layout_basic,
          hellmonk_ecumenical_altar_heavens_door, minmay_ruptured
D:2:      layout_loops_corners, kennysheep_cross_bottleneck, dk_noncrumbling_3
D:3:      minmay_angry_zag, layout_loops_cross, chequers_serial_rivers_large_a,
          st_stairs_7, minmay_fractal_squares_gapless_5

Notes
Turn   | Place    | Note
-------+----------+-------------------------------------------
     0 | D:1      | spaghetti the Naga Berserker began the quest for the Orb.
     0 | D:1      | Reached XP level 1. HP: 21/21 MP: 1/1
     0 | D:1      | magus.rc [v1.9.6]
   149 | D:1      | Reached skill level 1 in Stealth
   325 | D:1      | Reached XP level 2. HP: 27/28 MP: 2/2
   487 | D:1      | Reached skill level 2 in Dodging
   489 | D:1      | Reached skill level 2 in Stealth
   698 | D:1      | Found a faded altar of an unknown god.
  1372 | D:2      | You fall into a shaft and drop 1 floor!
  1386 | D:3      | Reached XP level 3. HP: 23/34 MP: 3/3
  1387 | D:3      | Noticed a black bear
  1390 | D:3      | HP: 8/34 [black bear (1)]
  1390 | D:3      | HP: 3/34 [black bear (5)]
  1390 | D:3      | Slain by a black bear

Vanquished Creatures
  3 ball pythons (D:1)
  A bat (D:1)
  2 endoplasms (D:1)
  2 giant cockroaches (D:1)
  2 goblins
  3 jackals (D:1)
  2 kobolds (D:1)
  A quokka (D:1)
  A frilled lizard (D:3)
  2 rats (D:1)
19 creatures vanquished.

Table legend:
 A = Non-vault XP
 B = Vault XP
 C = Vault XP percentage of total XP
 D = Non-vault monster count
 E = Vault monster count
 F = Vault count percentage of total count
                 A         B        C        D         E       F
            +---------+---------+-------+---------+---------+-------
      Total |      28 |       6 |  17.6 |      16 |       3 |  15.8
            +---------+---------+-------+---------+---------+-------
        D:1 |      25 |       6 |  19.4 |      14 |       3 |  17.6
        D:3 |       3 |       0 |   0.0 |       2 |       0 |   0.0
            +---------+---------+-------+---------+---------+-------

Illustrated notes

Table legend:
 A = Kills in this place as a percentage of kills in entire the game.
 B = Kills by you in this place as a percentage of kills by you in the entire game.
 C = Kills by friends in this place as a percentage of kills by friends in the entire game.
 D = Other kills in this place as a percentage of other kills in the entire game.
 E = Experience gained in this place as a percentage of experience gained in the entire game.
 F = Experience gained in this place divided by the number of levels of this place that you have seen.
                   A       B       C       D       E      F
               +-------+-------+-------+-------+-------+----------------------
         Total | 100.0 | 100.0 |   N/A |   N/A | 100.0 |  11.3
       Dungeon | 100.0 | 100.0 |   N/A |   N/A | 100.0 |  11.3
               +-------+-------+-------+-------+-------+----------------------

Table legend: (Time is in decaauts)
 A = Elapsed time spent in this place.
 B = Non-inter-level travel time spent in this place.
 C = Inter-level travel time spent in this place.
 D = Time resting spent in this place.
 E = Time spent auto-exploring this place.
 F = Levels seen in this place.
 G = Mean time per level.
                   A        B        C        D        E       F      G
               +--------+--------+--------+--------+--------+-----+--------+
         Total |   1672 |   1633 |     39 |    377 |   1087 |   3 |  557.3 |
       Dungeon |   1672 |   1633 |     39 |    377 |   1087 |   3 |  557.3 |
               +--------+--------+--------+--------+--------+-----+--------+

Top non-repeatable levels by time:
     D:1: 1606 daAuts
     D:2: 42 daAuts
     D:3: 22 daAuts
